 Dungeon Crawl Stone Soup version 0.30.1-11-g7821555f0a (webtiles) character file.

Game seed: 16129653239211703145

904 BearBoy19 the Chopper (level 8, -1/56 (61) HPs)
             Began as a Hill Orc Monk on Nov 5, 2023.
             Was a Priest of Hepliaklqana.
             Slain by a wight
             ... wielding a +4 halberd
              (16 damage)
             ... on level 6 of the Dungeon.
             The game lasted 00:24:25 (4583 turns).

BearBoy19 the Chopper (Hill Orc Monk)               Turns: 4583, Time: 00:24:26

HP:   -1/56 (61)    AC: 14    Str: 16    XL:     8   Next: 8%
MP:   10/11         EV:  8    Int: 10    God:    Hepliaklqana [***...]
Gold: 299           SH: 12    Dex: 13    Spells: 11/11 levels left

rFire   . . .        y - +0 flail (drain)
rCold   . . .        k - +0 tower shield
rNeg    . . .        t - +0 ring mail
rPois   .            (no helmet)
rElec   .            (no cloak)
rCorr   .            f - +0 pair of gloves
SInv    .            (no boots)
Will    .....        x - amulet of the acrobat
Stlth   +            e - +4 ring of protection
HPRegen 0.29/turn    w - +4 ring of protection
MPRegen 0.12/turn

%: acrobat
@: lethally poisoned (-1 -> -11), drained
A: reduced essence
a: Renounce Religion, Recall Ancestor, Ancestor Identity, Transference


You were on level 6 of the Dungeon.
You worshipped Hepliaklqana.
Hepliaklqana was most pleased with you.
You visited 2 branches of the dungeon, and saw 7 of its levels.

You collected 299 gold pieces.

Inventory:

Hand Weapons
 a - a +0 hand axe
 h - a +0 dagger
 n - a +0 whip
 o - a +0 mace
 y - a +0 flail of draining (weapon)
Missiles
 g - 7 javelins
 l - 31 stones
 q - 2 poisoned darts (quivered)
Armour
 b - a +0 robe
 d - an orb of light
 f - a +0 pair of gloves (worn)
 k - a +0 tower shield (worn)
 t - a +0 ring mail (worn)
Jewellery
 e - a +4 ring of protection (left hand)
 w - a +4 ring of protection (right hand)
 x - an amulet of the acrobat (around neck)
Wands
 u - a wand of roots (4)
Scrolls
 i - 3 scrolls of teleportation
 j - a scroll of fear
 p - a scroll of poison
 r - a scroll of immolation
 z - a scroll of identify
Potions
 c - 3 potions of ambrosia
 m - a potion of flight
 v - a potion of brilliance


   Skills:
 + Level 5.0 Fighting
 + Level 6.5(6.6) Axes
 + Level 1.1(3.5) Maces & Flails
 - Level 1.1 Throwing
 + Level 1.6 Armour
 + Level 3.6 Dodging
 + Level 1.4 Stealth
 + Level 3.4 Shields
 * Level 2.0 Spellcasting
 * Level 3.8 Invocations


You had 11 spell levels left.
You didn't know any spells.
Your spell library contained the following spells:

 Spells                   Type           Power      Damage    Failure   Level
 Summon Forest            Summ/Tloc      0%         N/A       100%        5
 Summon Mana Viper        Hex/Summ       1%         N/A       100%        5
 Summon Cactus Giant      Summ           0%         N/A       100%        6


Dungeon Overview and Level Annotations

Branches:
Dungeon (6/15)             Temple (1/1) D:4

Altars:
Cheibriados
Elyvilon
Fedhas
Gozag
Hepliaklqana
Nemelex Xobeh
Okawaru
Qazlal
Uskayaw
Vehumet
Xom

Shops:
D:4 :


Message History

The wight barely misses you. x2; You block the wight's attack.
You completely miss the wight.
The wight is almost destroyed.
The wight hits you from afar with a +4 halberd!
You feel drained. You block the wight's attack.
The wight completely misses you. You block the wight's attack.
The wight barely misses you. You block the wight's attack.
You hit the wight but do no damage.
The wight is almost destroyed.
The wight hits you from afar with a +4 halberd!
You feel drained. You block the wight's attack. x2
You feel much better. The wight hits you but does no damage.
You block the wight's attack. x2
You barely miss the wight.
The wight is almost destroyed.
You block the wight's attack. The wight hits you with a +0 hand axe.
The wight closely misses you. You block the wight's attack.
The wight hits you but does no damage. The wight closely misses you.
You completely miss the wight.
The wight is almost destroyed.
You block the wight's attack. The wight hits you with a +0 hand axe.
The wight hits you with a +1 great sword!
You feel drained. You block the wight's attack. The wight closely misses you.
You block the wight's attack.
You closely miss the wight.
The wight is almost destroyed.
You block the wight's attack. x2; The wight hits you but does no damage.
You thump the wight!
You destroy the wight!
You block the wight's attack. x2; The scorpion barely misses you.
The wight hits you from afar with a +4 halberd.
You feel drained. The wight closely misses you.
Your base Maces & Flails skill increases to level 1!
Your Spellcasting skill increases to level 2!
You barely miss the scorpion. The scorpion stings you.
* * * LOW HITPOINT WARNING * * *
You are poisoned.
The scorpion poisons you!
The wight hits you from afar with a +4 halberd!
You die...

#.#. ... #$.. #.# #
#.... #.# ##### .. .....
#.# #.... ... ....###.##
#...< .... #z.#...#
#.... .....
#.....#######....
......###z..............
#.(...s@.....#######....
......z..#...# #....
##....$.......... .....
#.......######## ##....
#.......# #####
#########


You could see a scorpion and 2 wights.

Vanquished Creatures
  A wight (D:6)
  A hound (D:5)
  A gnoll bouda (D:5)
  A gnoll (D:4)
  3 adders
  A white imp (D:5)
  A worm (D:2)
  2 dart slugs
  3 orcs
  5 ball pythons
  3 endoplasms
  3 goblins
  5 hobgoblins
  6 kobolds
  4 quokkas
  4 bats
  A frilled lizard (D:1)
  4 rats
49 creatures vanquished.

Vanquished Creatures (collateral kills)
  Edmund (D:5)
  An ice beast (D:4)
  An ogre (D:4)
  A scorpion (D:5)
  A wight (D:6)
  2 hounds (D:5)
  A jelly (D:4)
  2 iguanas (D:5)
  An orc wizard (D:4)
  5 gnolls
  3 adders
  An ufetubus (D:4)
  4 dart slugs
  7 orcs
  A bat (D:3)
  An endoplasm (D:4)
  2 jackals (D:3)
  3 goblins (D:4)
  A kobold (D:4)
39 creatures vanquished.

Vanquished Creatures (others)
  A battlemage (D:6)
1 creature vanquished.

Grand Total: 89 creatures vanquished

Notes
Turn   | Place    | Note
-------+----------+-------------------------------------------
     0 | D:1      | BearBoy19 the Hill Orc Monk began the quest for the Orb.
     0 | D:1      | Reached XP level 1. HP: 19/19 MP: 1/1
   345 | D:1      | Reached XP level 2. HP: 27/27 MP: 2/2
   653 | D:1      | Reached XP level 3. HP: 33/33 MP: 3/3
  1238 | D:2      | Reached skill level 5 in Axes
  1251 | D:2      | Reached XP level 4. HP: 40/40 MP: 4/4
  1442 | D:3      | Found an opulent altar of Gozag.
  1563 | D:3      | Found a hazy altar of Hepliaklqana.
  1574 | D:3      | Became a worshipper of Hepliaklqana the Forgotten
  1574 | D:3      | Reached * piety under Hepliaklqana
  1574 | D:3      | Reached ** piety under Hepliaklqana
  1588 | D:3      | Found a blossoming altar of Fedhas.
  1835 | D:3      | Remembered your ancestor Ghazkull Uruk as a battlemage
  2052 | D:4      | Reached skill level 1 in Throwing
  2082 | D:4      | Reached skill level 1 in Shields
  2161 | D:4      | Reached XP level 5. HP: 42/42 MP: 5/5
  2337 | D:4      | Noticed an ice beast
  2348 | D:4      | Killed an ice beast
  2349 | D:4      | Reached skill level 1 in Invocations
  2349 | D:4      | Reached XP level 6. HP: 47/47 MP: 5/7
  2560 | D:4      | Reached skill level 6 in Axes
  2560 | D:4      | Reached skill level 1 in Spellcasting
  2668 | D:4      | Reached *** piety under Hepliaklqana
  2669 | D:4      | Found Puahaureg's Book Shoppe.
  2816 | D:4      | Found a staircase to the Ecumenical Temple.
  2825 | Temple   | Entered the Ecumenical Temple
  2825 | Temple   | Found a transporter.
  2825 | Temple   | Found a transporter.
  2827 | Temple   | Found a transporter.
  2827 | Temple   | Found a transporter.
  3329 | D:5      | Entered Level 5 of the Dungeon
  3397 | D:5      | Reached skill level 1 in Stealth
  3401 | D:5      | Reached XP level 7. HP: 54/54 MP: 7/9
  3591 | D:5      | Noticed Edmund
  3599 | D:5      | Killed Edmund
  3869 | D:5      | Reached skill level 5 in Fighting
  3873 | D:5      | Reached skill level 1 in Armour
  4373 | D:5      | Found an iron altar of Okawaru.
  4569 | D:6      | Reached XP level 8. HP: 60/61 MP: 10/10
  4583 | D:6      | Reached skill level 1 in Maces & Flails
  4583 | D:6      | Slain by a wight

Illustrated notes

Levels and vault maps discovered:
D:1:      ldierk_walled_garden_2, layout_loops_corners, minmay_curled_crystal,
          minivault_27
D:2:      layout_rooms, minmay_tetromino_s4
D:3:      layout_loops_cross, grunt_gozag_breadcrumbs,
          mainiacjoe_overflow_large_starburst, minmay_tree_intersection
D:4:      layout_basic, lemuel_temple_firewalk_b, serial_shops,
          nicolae_shop_stone
D:5:      layout_gridville, marbit_many_paths, uniq_edmund
D:6:      layout_rooms, mainiacjoe_overflow_small_starburst,
          nicolae_ru_path_of_blood, grunt_temple_overflow_open
Temple:   hellmonk_temple_divided_pantheon

Skill      XL: |  1  2  3  4  5  6  7  8 |
---------------+-------------------------+-----
Fighting       | 4 5 |  5.0
Axes           | 5 6 |  6.5
Throwing       | 1 |  1.1
Shields        | 1 2 3 |  3.4
Dodging        | 3 |  3.6
Invocations    | 1 2 3 |  3.8
Spellcasting   | 1 2 |  2.0
Stealth        | 1 |  1.4
Armour         | 1 |  1.6
Maces & Flails | 1 |  1.1

Action                     |  1- 3 |  4- 6 |  7- 9 || total
---------------------------+-------+-------+-------++-------
  Melee: Hand axe          |    95 |    30 |     4 ||   129
         Flail             |       |       |    38 ||    38
  Throw: Javelin           |     6 |     4 |       ||    10
         Dart              |       |       |     4 ||     4
 Invoke: Ancestor Life: Ba |       |     1 |       ||     1
         Ancestor Identity |       |     1 |       ||     1
  Evoke: Wand              |       |       |     1 ||     1
    Use: Scroll            |     3 |     7 |     4 ||    14
         Potion            |       |     1 |     1 ||     2
   Stab: Sleeping          |       |     1 |       ||     1
         Distracted        |       |       |     2 ||     2
 Armour: Robe              |    40 |    11 |       ||    51
         Ring mail         |       |     2 |    25 ||    27
  Dodge: Dodged            |    53 |     8 |    25 ||    86
  Block: Tower shield      |    20 |    25 |    52 ||    97
